 Dungeon Crawl Stone Soup version 0.23.2 (webtiles) character file.

Game seed: 16643951994953560598

548 snowfan the Stinger (level 7, 0/50 HPs)
             Began as a Mummy Venom Mage on Apr 7, 2019.
             Slain by a worker ant (7 damage)
             ... on level 4 of the Dungeon.
             The game lasted 00:20:30 (6659 turns).

snowfan the Stinger (Mummy Venom Mage)              Turns: 6659, Time: 00:20:31

Health: 0/50       AC:  3    Str: 12    XL:     7   Next: 7%
Magic:  0/11       EV: 13    Int: 16    God:
Gold:   207        SH:  0    Dex: 12    Spells: 5/11 levels left

rFire    x . .     SeeInvis .   b - +0 dagger
rCold    + + +     Gourm    .   (no shield)
rNeg     + + +     Faith    .   q - +1 robe of the Allies {rC+ rCorr Stlth+} (curse)
rPois    ∞         Spirit   .   (no helmet)
rElec    .         Reflect  .   (no cloak)
rCorr    +         Harm     .   (no gloves)
MR       .....                  (no boots)
Stlth    +++.......             (no amulet)
HPRegen  0.16/turn              c - ring of wizardry
MPRegen  0.12/turn              h - ring of protection from cold

@: no status effects
A: no food or potions, fire vulnerability, cold resistance 1, negative energy
resistance 3, torment resistance, unbreathing
a: no special abilities


You were on level 4 of the Dungeon.
You were not hungry.

You visited 1 branch of the dungeon, and saw 5 of its levels.

You collected 207 gold pieces.

Inventory:

Hand Weapons
 b - a +0 dagger (weapon)
 p - a +0 war axe
Missiles
 f - 109 stones (quivered)
 i - 13 sling bullets
Armour
 a - a +0 robe
 q - the cursed +1 robe of the Allies (worn) {rC+ rCorr Stlth+}
   (You found it on level 4 of the Dungeon)

   It protects you from cold.
   It provides partial protection from all sources of acid and corrosion.
   It makes you more stealthy.
   It has a curse placed upon it.
Jewellery
 c - a ring of wizardry (left hand)
 d - an uncursed ring of flight
 h - a ring of protection from cold (right hand)
Scrolls
 e - 4 scrolls of remove curse
 g - 7 scrolls of identify {unknown}
 j - a scroll of noise {unknown}
 k - 2 scrolls of teleportation {unknown}
 l - a scroll of immolation {unknown}
 m - 2 scrolls of fog {unknown}
 n - a scroll of fear {unknown}
 o - 3 scrolls of enchant weapon {unknown}
 r - a scroll of magic mapping {unknown}
 s - a scroll of enchant armour {unknown}


   Skills:
 + Level 2.2 Fighting
 + Level 2.7 Dodging
 - Level 1.5 Stealth
 - Level 2.6 Spellcasting
 * Level 3.2 Conjurations
 * Level 2.3 Air Magic
 * Level 4.0 Poison Magic


You had 5 spell levels left.
You knew the following spells:

 Your Spells              Type           Power        Failure   Level  Hunger
a - Sting                 Conj/Pois      ##..         1%          1    N/A
c - Mephitic Cloud        Conj/Pois/Air  ##......     6%          3    N/A
v - Poisonous Vapours     Pois/Air       ##....       3%          2    N/A

Your spell library contained the following spells:

 Spells                   Type           Power        Failure   Level  Hunger
 Olgreb's Toxic Radiance  Pois           ###.....     14%         4    N/A
 Venom Bolt               Conj/Pois      ##........   43%         5    N/A

Dungeon Overview and Level Annotations

Branches:
Dungeon (5/15)
 Temple: D:4-7

Altars:
Xom


Innate Abilities, Weirdness & Mutations

You do not eat or drink.
Your flesh is vulnerable to fire.
You are immune to poison.
Your flesh is cold resistant. (rC+)
You are immune to negative energy. (rN+++)
You are immune to unholy pain and torment.
You can survive without breathing.


Message History

The centaur is almost dead.
You kill the centaur!
Your Poison Magic skill increases to level 4!
You have reached level 7!
The worker ant barely misses you. The worker ant closely misses you.
The worker ant misses you.
You climb upwards.
There is a stone staircase leading down here.
You barely miss the worker ant. The worker ant barely misses you.
Casting: Sting (safe; 1% risk of failure)
Confirm with . or Enter, or press ? or * to list all spells.
Aiming: Sting (safe; 1% risk of failure)
Press: ? - help, Shift-Dir - straight line, f - worker ant
Aim: a worker ant The sting hits the worker ant.
The worker ant is poisoned.
The worker ant is moderately wounded.
The worker ant bites you.
* * * LOW HITPOINT WARNING * * *
The worker ant bites you!
You die...

##########..
##############...........
#............#.######....
#%##########.#.# #.... #.#
#.#.# #.... #.# #.#.# ##...
##.## #.#.# ##..
###.#.#########.#.########..
#..###..>.a@.##............#
#.#.#.######.####.####.....#
#.##......##.## #.# #.##..#
#.####...!....# #.# #.##... #.#
#..#.#...###.####.##.##
####.####[................##..[
#...%......#.#...###.########..
#.##.####.#...#..# #.# #.#
#.##.# #........###.# #.#


You could see a worker ant.

Vanquished Creatures
  An ogre (D:5)
  A centaur (D:5)
  A scorpion (D:4)
  A hound (D:4)
  5 worker ants
  5 adders
  A howler monkey skeleton (D:4)
  2 oozes
  2 worms
  2 dart slugs (D:1)
  2 leopard geckos
  An orc (D:3)
  3 bats
  3 giant cockroaches
  12 goblins
  7 hobgoblins (D:1)
  6 jackals
  9 kobolds
  2 quokkas
  6 frilled lizards
  5 rats
77 creatures vanquished.

Vanquished Creatures (collateral kills)
  A scorpion (D:5)
1 creature vanquished.

Grand Total: 78 creatures vanquished

Notes
Turn   | Place    | Note
-------+----------+-------------------------------------------
     0 | D:1      | snowfan the Mummy Venom Mage began the quest for the Orb.
     0 | D:1      | Reached XP level 1. HP: 13/13 MP: 4/4
   105 | D:1      | Reached skill level 1 in Conjurations
   221 | D:1      | Reached XP level 2. HP: 19/19 MP: 0/5
   906 | D:1      | Reached XP level 3. HP: 15/25 MP: 1/7
  1426 | D:1      | Learned a level 2 spell: Poisonous Vapours
  1430 | D:1      | Learned a level 3 spell: Mephitic Cloud
  1585 | D:2      | Reached skill level 3 in Poison Magic
  1849 | D:2      | Reached skill level 1 in Fighting
  2089 | D:2      | Found a shimmering altar of Xom.
  2796 | D:3      | Reached XP level 4. HP: 27/32 MP: 0/8
  3540 | D:4      | Reached skill level 1 in Air Magic
  3540 | D:4      | Reached XP level 5. HP: 37/37 MP: 4/9
  3844 | D:4      | Reached XP level 6. HP: 42/44 MP: 1/10
  4332 | D:4      | Got a brightly glowing robe
  4382 | D:3      | Identified the cursed +1 robe of the Allies {rC+ rCorr
                  | Stlth+} (You found it on level 4 of the Dungeon)
  5710 | D:5      | Entered Level 5 of the Dungeon
  6652 | D:5      | Reached skill level 4 in Poison Magic
  6652 | D:5      | Reached XP level 7. HP: 9/50 MP: 0/11
  6659 | D:4      | Slain by a worker ant

Skill      XL: |  1  2  3  4  5  6 |
---------------+-------------------+-----
Conjurations   | 1 2 3 |  3.2
Dodging        | 2 |  2.7
Poison Magic   | 3 4 |  4.0
Fighting       | 1 2 |  2.2
Air Magic      | 1 2 |  2.3
Stealth        | |  1.5
Spellcasting   | |  2.6

Action                   |  1- 3 |  4- 6 |  7- 9 || total
-------------------------+-------+-------+-------++-------
Melee: Dagger            |    41 |   123 |     1 ||   165
       War axe           |       |    32 |       ||    32
 Cast: Sting             |    79 |    34 |     1 ||   114
       Mephitic Cloud    |     7 |    14 |       ||    21
       Poisonous Vapours |     3 |    19 |       ||    22
  Use: Scroll            |       |     1 |       ||     1
 Stab: Confused          |     2 |     6 |       ||     8
       Sleeping          |       |     1 |       ||     1
Armor: Robe              |     9 |    29 |       ||    38
Dodge: Dodged            |    36 |   111 |     4 ||   151
